Map: Acid Plant LE

Players

Scarlett - Winner!

  • Race: Zerg Zerg
  • Spawn Location: 5:00

Kelazhur

  • Race: Terran Terran
  • League: Master
  • Spawn Location: 11:00

Event: WCS Austin 2018

VOD

Have the link to the VOD?

Description

Time

  • Played on: June 1, 2018, 10:22 p.m.
  • Length: 7:04

All games in this series

Show
View Real Time Build Order
Export as new Build Order

Scarlett Zerg - Winner!

Build Orders: Hatch First, Ravager All-In 

Get SALT Encoding   

  12  0:00  Drone  
  13  0:12  Overlord  
  13  0:18  Drone  
  14  0:31  Drone x2  
  16  0:36  Drone  
  17  0:52  Hatchery  
  17  0:56  Drone  
  17  1:00  Drone  
  18  1:09  Extractor  
  17  1:14  Spawning Pool  
  17  1:18  Drone  
  17  1:21  Drone  
  18  1:27  Drone  
  19  1:38  Drone  
  20  1:49  Drone  
  20  1:53  Extractor  
  20  2:01  Roach Warren  
  19  2:03  Drone  
  19  2:04  Queen  
  22  2:09  Overlord  
  22  2:12  Drone  
  23  2:19  Queen  
  23  2:22  Drone  
  26  2:32  Drone  
  27  2:40  Roach, Queen  
  27  2:41  Roach  
  33  2:46  Roach  
  35  2:52  Overlord  
  35  3:01  Ravager  
  36  3:12  Hatchery  
  35  3:17  Ravager x2  
  37  3:21  Roach  
  37  3:26  Drone  
  40  3:31  Overlord  
  40  3:43  Roach, Ravager  
  40  3:44  Overlord  
  43  3:53  Drone x2  
  45  4:07  Drone  
  45  4:09  Queen  
  49  4:10  Drone  
  49  4:12  Roach  
  49  4:13  Ravager  
  52  4:23  Roach x2  
  56  4:27  Drone  
  56  4:29  Drone  
  58  4:43  Drone x4  
  62  4:45  Overlord  
  62  4:54  Overlord  
  62  4:57  Overlord  
  62  5:02  Overlord  
  62  5:04  Ravager  
  62  5:05  Ravager x2  
  65  5:09  Drone  
  65  5:10  Overlord  
  63  5:28  Roach x2  
  63  5:29  Roach  
  52  5:37  Roach x6  
  57  5:45  Roach  
  57  5:49  Roach  
  58  5:50  Roach  
  58  5:55  Ravager x2  
  62  6:00  Drone x3  
  65  6:06  Drone  
  65  6:07  Drone  
  67  6:14  Drone, Ravager  
  67  6:15  Drone, Queen  
  72  6:23  Ravager  
  73  6:27  Drone x4  
  73  6:29  Drone  
  73  6:32  Ravager  
  76  6:40  Drone x4  
  80  6:48  Drone x5  
  80  6:49  Ravager  
  83  6:59  Extractor  
  80  7:01  Extractor  
  80  7:02  Ravager  
Show
View Real Time Build Order
Export as new Build Order

Kelazhur Terran 

Build Orders: Gas First Reaper Expand, Reaper Expand 

Get SALT Encoding   

  12  0:00  SCV  
  13  0:12  SCV  
  14  0:17  Supply Depot  
  14  0:24  SCV  
  15  0:28  Refinery  
  15  0:39  SCV  
  16  0:44  Barracks  
  16  0:51  SCV  
  17  1:03  SCV  
  18  1:15  SCV  
  19  1:31  Orbital Command, Reaper  
  20  1:42  Command Center  
  20  1:55  Factory  
  20  1:58  SCV  
  21  2:05  Barracks Reactor  
  21  2:11  SCV  
  21  2:14  Supply Depot  
  22  2:20  Bunker  
  22  2:23  SCV  
  22  2:27  Refinery, Bunker  
  23  2:35  SCV  
  24  2:39  Factory Tech Lab  
  24  2:42  Marine x2  
  26  2:48  SCV  
  27  2:55  Orbital Command  
  27  2:59  Marine  
  27  3:00  Marine  
  27  3:05  Siege Tank  
  32  3:10  SCV  
  33  3:17  Marine x2  
  35  3:21  Orbital Command  
  35  3:24  SCV  
  36  3:27  Starport  
  36  3:35  Marine x2  
  38  3:41  Siege Tank  
  38  3:44  SCV  
  38  3:47  Supply Depot  
  42  3:54  Marine x2  
  44  3:58  SCV  
  44  4:00  SCV  
  41  4:10  SCV  
  41  4:12  Medivac, Marine x2  
  46  4:17  Supply Depot  
  46  4:27  Supply Depot  
  46  4:39  Marine x2, SCV, Siege Tank  
  47  4:47  Viking  
  49  4:53  SCV  
  49  4:56  Marine x2  
  52  5:00  SCV  
  52  5:05  SCV  
  52  5:06  Supply Depot  
  54  5:11  Siege Tank  
  57  5:14  Marine x2  
  54  5:22  SCV  
  54  5:24  SCV  
  49  5:32  Marine x2  
  49  5:34  SCV  
  41  5:42  SCV  
  32  5:43  Siege Tank  
  32  5:46  Medivac, SCV  
  36  5:50  Marine x2  
  36  5:54  SCV  
  39  5:58  SCV  
  40  6:07  SCV  
  41  6:11  Marine  
  41  6:13  Marine  
  41  6:14  Command Center  
  43  6:28  SCV x2  
  43  6:29  Marine  
  43  6:31  Marine  
Tags
 
Add a new tag
Caveats
  • Supply blocks, unpowered buildings, or Contaminate may cause inaccurate times.
  • Supply counts are checked every 10 seconds.